 Dungeon Crawl Stone Soup version 0.31-a0-430-gf8416d752b (webtiles) character file.

Game seed: 7545993631373306166

128 Ethylacetat the Changeling (level 5, -3/38 HPs)
             Began as an Octopode Shapeshifter on July 31, 2023.
             Slain by an orc
             ... wielding a +0 mace
              (8 damage)
             ... on level 3 of the Dungeon.
             The game lasted 00:04:13 (1891 turns).

Ethylacetat the Changeling (Octopode Shapeshifter)  Turns: 1891, Time: 00:04:14

Health: -3/38      AC:  1    Str: 15    XL:     5   Next: 11%
Magic:  0/5        EV: 13    Int: 10    God:
Gold:   109        SH:  0    Dex: 14    Spells: 4/4 levels left

rFire   . . .        f - +2 whip (venom)
rCold   + . .        (no shield)
rNeg    . . .        (helmet currently unavailable)
rPois   .            c - amulet of guardian spirit
rElec   .            i - ring of protection from cold
rCorr   .            (no ring)
SInv    .            (no ring)
Will    +....        (no ring)
Stlth   ++           (no ring)
HPRegen 0.26/turn    (no ring)
MPRegen 0.09/turn    (no ring)
                     (no ring)

%: guardian spirit
@: beast-form, enlightened, flying
A: beast (slay +2), almost no armour, amphibious, 8 rings, camouflage 1,
gelatinous body 1, (nimble swimmer 1), tentacles, robust 1, evolution 1
a: Begin Untransformation


You were on level 3 of the Dungeon.
You were a hulking beast.
You visited 1 branch of the dungeon, and saw 3 of its levels.

You collected 109 gold pieces.

Inventory:

Hand Weapons
 f - a +2 whip of venom (weapon)
Jewellery
 c - an amulet of guardian spirit (around mantle)
 i - a ring of protection from cold (left tentacle)
Talismans
 b - a beast talisman (active)
Scrolls
 d - a scroll of fear {unknown}
 e - 5 scrolls of identify {unknown}
 k - a scroll of teleportation {unknown}
Potions
 a - 2 potions of lignification
 h - a potion of curing {unknown}
 j - a potion of haste {unknown}
 l - a potion of magic {unknown}
 m - a potion of might {unknown}


   Skills:
 + Level 2.4 Fighting
 - Level 2.0 Dodging
 + Level 3.8 Unarmed Combat
 * Level 4.1 Shapeshifting


You had 4 spell levels left.
You didn't know any spells.
Your spell library was empty.

Dungeon Overview and Level Annotations

Branches:
Dungeon (3/15)

Altars:

Shops:
D:1 :

Annotations:
D:2 1 runed translucent door, Crazy Yiuf


Innate Abilities, Weirdness & Mutations

You are a hulking beast.
Your limbs bulge with bestial killing power. (Slay +2)
You cannot wear most types of armour.
You are amphibious.
You can wear up to eight rings at the same time.
Your skin changes colour to match your surroundings (Stealth+).
Your rubbery body absorbs attacks. (AC +1, EV +1)
((You are camouflaged when in or above water. (Stealth+)))
You have tentacles for arms and can constrict up to eight enemies at once.
You are robust. (+10% HP)
You have hidden genetic potential.


Message History

You constrict Robin. Robin hits you with a +2 whip of venom.
You are poisoned.
You tentacle-slap Robin.
Robin is moderately wounded.
You constrict Robin.
You feel very sick. Robin barely misses you.
You completely miss Robin. You squeeze Robin, but do no damage.
Robin is heavily wounded.
You constrict Robin.
You feel sick. Robin barely misses you.
You tentacle-slap Robin.
Robin is severely wounded.
You constrict Robin.
You feel sick. Robin misses you.
You tentacle-slap Robin. You squeeze Robin.
You kill Robin!
You feel sick.
You have reached level 5!
You feel stronger.
An orc comes into view. It is wielding a +0 mace.
You feel sick.
Items here: ) [[ †.
f - a +2 whip of venom You feel sick.
The orc hits you with a +0 falchion!
Your +2 whip of venom begins to drip with poison!
f - a +2 whip of venom (weapon)
You feel sick.
You hit the orc.
The orc is poisoned.
Your grab misses the orc.
The orc is lightly wounded.
You feel sick. The orc hits you with a +0 falchion.
You hit the orc.
The orc looks as sick as possible!
Your grab misses the orc.
The orc is heavily wounded.
You feel sick.
You are no longer poisoned.
You kill the orc!
The orc hits you with a +0 flail!
* * * LOW HITPOINT WARNING * * *
It was a potion of enlightenment.
You feel very buoyant.
You fly up into the air.
The orc hits you with a +0 mace!
You die...

#### .#####.#.#
.#.# #.#.# #.#.#
#...###
#.#.###....########
#.#.###...........
#.#.####..######
#.#.####.#
#.#.###.# #.#h##.##
##o#o...# ##...#.#
##.##.######.. g
##........... .g
#...#######+#...
##..### #...gg..#
#.....# #....g.#
#.....# #...o..#.


You could see 2 orcs.

Vanquished Creatures
  Robin (D:3)
  3 adders (D:2)
  A worm (D:2)
  2 dart slugs
  An orc (D:3)
  6 bats
  4 endoplasms
  2 giant cockroaches (D:1)
  13 goblins
  3 hobgoblins (D:2)
  10 jackals
  4 kobolds
  6 quokkas
  9 ball pythons
  4 frilled lizards (D:1)
  5 rats
74 creatures vanquished.

Notes
Turn   | Place    | Note
-------+----------+-------------------------------------------
     0 | D:1      | Ethylacetat the Octopode Shapeshifter began the quest for
                  | the Orb.
     0 | D:1      | Reached XP level 1. HP: 13/13 MP: 1/1
    84 | D:1      | Reached XP level 2. HP: 15/18 MP: 2/2
   301 | D:1      | Reached XP level 3. HP: 22/23 MP: 3/3
   527 | D:1      | Found Dauzidde's Vocational Training.
   772 | D:2      | Reached XP level 4. HP: 25/29 MP: 4/4
  1315 | D:2      | Found a runed translucent door.
  1316 | D:2      | Noticed Crazy Yiuf
  1660 | D:2      | Gained mutation: You are robust. (+10% HP) [potion of
                  | mutation]
  1660 | D:2      | Gained mutation: You have hidden genetic potential. [potion
                  | of mutation]
  1702 | D:3      | Reached skill level 4 in Shapeshifting
  1840 | D:3      | Noticed Robin
  1885 | D:3      | Killed Robin
  1886 | D:3      | Reached XP level 5. HP: 27/38 MP: 5/5
  1891 | D:3      | Slain by an orc

Illustrated notes

Levels and vault maps discovered:
D:1:      erik_arrival_blinker_ship, layout_basic, nicolae_shop_vocational
D:2:      layout_loops_ring, serial_bayou_pond_e, minmay_tromino_i4,
          uniq_crazy_yiuf_cottage
D:3:      minmay_inner_zag, layout_basic, shapermc_ecumenical_altar_rom_forum,
          minmay_misc_feat_chi, uniq_robin

Skill      XL: |  1  2  3  4 |
---------------+-------------+-----
Fighting       | 2 |  2.4
Shapeshifting  | 4 |  4.1
Dodging        | |  2.0
Unarmed Combat | |  3.8

Action                     |  1- 3 |  4- 6 || total
---------------------------+-------+-------++-------
  Melee: Unarmed           |    77 |    52 ||   129
         Constrict         |    25 |    15 ||    40
         Tentacles         |    20 |    10 ||    30
         Punch             |     3 |     1 ||     4
         Whip              |       |     2 ||     2
    Use: Potion            |       |     2 ||     2
   Stab: Sleeping          |     6 |     5 ||    11
 Armour: Skin              |    14 |     4 ||    18
  Dodge: Dodged            |    54 |    23 ||    77

Table legend: (Time is in decaauts)
 A = Elapsed time spent in this place.
 B = Non-inter-level travel time spent in this place.
 C = Inter-level travel time spent in this place.
 D = Time resting spent in this place.
 E = Time spent auto-exploring this place.
 F = Levels seen in this place.
 G = Mean time per level.
                   A        B        C        D        E       F      G
               +--------+--------+--------+--------+--------+-----+--------+
         Total |   1881 |   1837 |     44 |      0 |   1509 |   3 |  627.0 |
       Dungeon |   1881 |   1837 |     44 |      0 |   1509 |   3 |  627.0 |
               +--------+--------+--------+--------+--------+-----+--------+

Top non-repeatable levels by time:
     D:2: 1049 daAuts
     D:1: 641 daAuts
     D:3: 190 daAuts
